 Dungeon Crawl Stone Soup version 0.26-a0-708-g17f3b190f9 (webtiles) character file.

Game seed: 136221633045834022

8383 zazu2006 the Covert (level 11, -4/93 HPs)
             Began as a Naga Hedge Wizard on Oct 27, 2020.
             Was an Elder of Vehumet.
             Slain by an orc knight
             ... wielding a +3 dire flail of pain
              (9 damage)
             ... on level 1 of the Orcish Mines.
             The game lasted 00:29:16 (14038 turns).

zazu2006 the Covert (Naga Hedge Wizard)            Turns: 14038, Time: 00:29:17

Health: -4/93      AC:  8    Str: 22    XL:     11   Next: 30%
Magic:  10/32      EV: 11    Int: 17    God:    Vehumet [****..]
Gold:   740        SH:  0    Dex: 10    Spells: 17/26 levels left

rFire    . . .     SeeInvis +   E - +2 dagger (venom)
rCold    . . .     Faith    .   (no shield)
rNeg     + . .     Spirit   .   n - +0 leather armour
rPois    +         Reflect  .   c - +0 hat
rElec    .         Harm     .   w - +0 cloak
rCorr    .         Rampage  .   C - +0 pair of gloves
MR       +....                  (no barding)
Stlth    ++++......             (no amulet)
HPRegen  0.25/turn              H - ring "Hownosetuj" {*Contam rN+ Str+8}
MPRegen  0.23/turn              j - ring of magical power

@: very slow
A: large, see invisible, deformed body, poison resistance, slowness 2, spit
poison 1, AC +3
a: Spit Poison, Renounce Religion


You were on level 1 of the Orcish Mines.
You worshipped Vehumet.
Vehumet was greatly pleased with you.
You visited 3 branches of the dungeon, and saw 12 of its levels.

You collected 768 gold pieces.
You spent 28 gold pieces at shops.

Inventory:

Hand Weapons
 o - a +2 dagger of speed
 E - a +2 dagger of venom (weapon)
Armour
 c - a +0 hat (worn)
 n - a +0 leather armour (worn)
 w - a +0 cloak (worn)
 C - a +0 pair of gloves (worn)
Jewellery
 a - a +6 ring of dexterity
 i - an uncursed ring of flight
 j - a ring of magical power (right hand)
 G - a +4 ring of evasion
 H - the ring "Hownosetuj" (left hand) {*Contam rN+ Str+8}
   (You found it on level 6 of the Dungeon)

   [ring of positive energy]

   It affects your strength (+8).
   It protects you from negative energy.
   It causes magical contamination when unequipped.
 I - the ring of Gez Biet {Fire *Slow rPois Int+4}
   (You found it on level 6 of the Dungeon)

   [ring of fire]

   It enhances your fire magic.
   It affects your intelligence (+4).
   It protects you from fire.
   It makes you vulnerable to cold.
   It protects you from poison.
   It may slow you when you take damage.
Wands
 b - a wand of acid (3)
 q - a wand of iceblast (2)
 u - a wand of enslavement (5)
 A - a wand of paralysis (10)
Scrolls
 g - 3 scrolls of immolation
 l - 8 scrolls of remove curse
 s - a scroll of enchant armour
 x - 2 scrolls of blinking
 y - 3 scrolls of fear
 z - 2 scrolls of brand weapon
 B - a scroll of acquirement
 F - 3 scrolls of teleportation
Potions
 d - 4 potions of curing {unknown}
 f - 3 potions of brilliance
 h - 2 potions of heal wounds
 k - 3 potions of might
 m - a potion of haste
 t - a potion of ambrosia
 v - 3 potions of magic
 D - 2 potions of lignification {unknown}


   Skills:
 + Level 4.9 Fighting
 + Level 4.4 Armour
 + Level 4.7 Dodging
 + Level 10.6 Stealth
 + Level 8.4 Spellcasting
 + Level 6.4 Conjurations
   Level 1.0 Summonings
 + Level 1.5 Translocations
 + Level 0.1 Fire Magic
 + Level 4.3 Air Magic
 + Level 7.4 Poison Magic
 + Level 0.3 Evocations


You had 17 spell levels left.
You knew the following spells:

 Your Spells              Type           Power        Failure   Level
a - Magic Dart            Conj           ####         1%          1
b - Mephitic Cloud        Conj/Pois/Air  ####....     1%          3
c - Conjure Flame         Conj/Fire      ###.....     2%          3
d - Blink                 Tloc           N/A          10%         2

Your spell library contained the following spells:

 Spells                   Type           Power        Failure   Level
 Yara's Violent Unravell  Hex/Tmut       #.........   58%         5
 Shock                    Conj/Air       ####         1%          1
 Static Discharge         Conj/Air       ####....     1%          3
 Swiftness                Air            ###.....     3%          2
 Airstrike                Air            ###.......   5%          4
 Apportation              Tloc           ##....       6%          1
 Summon Small Mammal      Summ           ##..         8%          1
 Lightning Bolt           Conj/Air       ####......   10%         5
 Animate Skeleton         Necr           #.....       12%         1
 Corona                   Hex            #......      12%         1
 Call Imp                 Summ           ##......     12%         2
 Slow                     Hex            #.......     17%         2


Dungeon Overview and Level Annotations

Branches:
Dungeon (10/15)            Temple (1/1) D:5            Lair (0/6) D:8
    Orc (1/2) D:10

Altars:
Ashenzari
Dithmenos
Gozag
Kikubaaqudgha
Okawaru
Vehumet
The Shining One

Shops:
D:10 *


Innate Abilities, Weirdness & Mutations

You cannot wear boots.
Your serpentine skin is tough. (AC +3)
You have supernaturally acute eyesight. (SInv)
Armour fits poorly on your strangely shaped body.
Your system is resistant to poisons. (rPois)
You cover ground very slowly.
You can spit poison.


Message History

Evoke which item? (* to show all) (? for menu, Esc to quit)
Aiming: Corrosive Bolt
Press: ? - help, Shift-Dir - straight line, f/p - warg
Aim: a warg (moderately wounded)
The bolt of acid hits the warg!
The warg is splashed with acid.
The warg is severely wounded.
The bolt of acid hits the orc warrior!
The orc warrior is splashed with acid.
The orc warrior is almost dead.
The bolt of acid hits the orc!
The orc is splashed with acid!
You kill the orc!
Vehumet accepts your kill.
The orc warrior hits the ogre but does no damage.
The warg bites you!
* * * LOW HITPOINT WARNING * * *
Unknown command.
Casting: Blink (safe; 10% risk of failure)
Confirm with . or Enter, or press ? or * to list all spells.
You blink.
The orc knight hits you with a +3 dire flail of pain!
You die...

#.### ...#.>...
#....###..#...# ..
##.....#.....$##.
...#.#......#.........
...... #...$ยง# #.....
#...h.# ###...######..##
.. #.......###o...## #
..##.$......#.@O...#
###..#........)o##....$..
.##.....##.....).##.....#
.#......##.[.#....##..###
.....#...#...#$..###...#
....# #...#####...##.#..
....# ###.o## #.....###..
...####...O.# #$o...#
.....#...T..###...###


You could see an orc knight, a warg, an orc warrior (confused) and an ogre
(confused).

Vanquished Creatures
  2 unseen horrors (D:10)
  A manticore (D:10)
  2 trolls
  A hornet (D:8)
  Grinder (D:4)
  A wyvern (D:9)
  A steam dragon (D:7)
  5 wargs
  6 orc warriors
  2 sky beasts
  8 ogres
  2 phantoms
  3 wolves (D:8)
  2 black bears
  2 big kobolds
  4 bullfrogs
  A gnoll sergeant (D:6)
  A water moccasin zombie (D:5)
  6 scorpions
  4 howler monkeys
  9 killer bees
  2 electric eels (D:8)
  A centaur zombie (D:9)
  2 bullfrog zombies
  2 jellies (D:10)
  9 hounds
  11 orc wizards
  14 orc priests
  3 bullfrog skeletons
  Crazy Yiuf (D:4)
  3 centaur skeletons
  A killer bee zombie (D:7)
  6 worker ants
  5 adders
  9 gnolls
  2 shadow imps
  4 white imps
  4 ufetubi
  An ooze (D:1)
  2 adder zombies (D:7)
  3 adder skeletons
  10 worms
  A dart slug (D:3)
  A leopard gecko (D:6)
  59 orcs
  A ball python (D:1)
  9 giant cockroaches
  5 goblins
  6 hobgoblins
  6 jackals
  19 kobolds
  4 quokkas
  5 bats
  8 frilled lizards
  2 giant cockroach zombies
  2 jackal skeletons
  7 rats
294 creatures vanquished.

Vanquished Creatures (collateral kills)
  A gnoll (D:4)
1 creature vanquished.

Vanquished Creatures (others)
  A human (D:6)
  46 plants (D:1)
47 creatures vanquished.

Grand Total: 342 creatures vanquished

Notes
Turn   | Place    | Note
-------+----------+-------------------------------------------
     0 | D:1      | zazu2006 the Naga Hedge Wizard began the quest for the Orb.
     0 | D:1      | Reached XP level 1. HP: 15/15 MP: 4/4
   202 | D:1      | Reached XP level 2. HP: 19/22 MP: 0/6
   879 | D:1      | Reached XP level 3. HP: 28/28 MP: 1/8
   884 | D:1      | Learned a level 3 spell: Mephitic Cloud
   888 | D:1      | Learned a level 3 spell: Conjure Flame
   891 | D:1      | Learned a level 2 spell: Blink
  1567 | D:2      | Found an ancient bone altar of Kikubaaqudgha.
  2550 | D:3      | Noticed a black bear
  2564 | D:3      | Reached skill level 1 in Poison Magic
  2564 | D:3      | Reached XP level 4. HP: 28/36 MP: 10/10
  2577 | D:3      | Killed a black bear
  2577 | D:3      | Reached XP level 5. HP: 5/43 MP: 3/11
  3347 | D:3      | Found a broken altar of Ashenzari.
  3450 | D:3      | Reached skill level 1 in Fighting
  3450 | D:3      | Reached skill level 4 in Stealth
  3450 | D:3      | Reached XP level 6. HP: 46/51 MP: 12/12
  4047 | D:4      | Noticed a phantom
  4087 | D:4      | Killed a phantom
  4087 | D:4      | Reached skill level 1 in Armour
  4503 | D:4      | Reached skill level 1 in Air Magic
  4576 | D:4      | Reached XP level 7. HP: 47/57 MP: 14/14
  4832 | D:4      | Reached skill level 5 in Spellcasting
  5048 | D:4      | Noticed Grinder
  5058 | D:4      | Killed Grinder
  5269 | D:4      | Reached XP level 8. HP: 63/67 MP: 16/16
  5384 | D:4      | Found a runed translucent door.
  5385 | D:4      | Noticed Crazy Yiuf
  5960 | D:4      | Killed Crazy Yiuf
  6031 | D:5      | Entered Level 5 of the Dungeon
  6035 | D:5      | Found a staircase to the Ecumenical Temple.
  6060 | Temple   | Entered the Ecumenical Temple
  6066 | Temple   | Became a worshipper of Vehumet
  6311 | D:5      | Reached skill level 5 in Poison Magic
  6527 | D:5      | Found a glowing golden altar of the Shining One.
  6788 | D:5      | Reached skill level 5 in Stealth
  6794 | D:5      | You fall into a shaft and drop 3 floors!
  6943 | D:8      | Noticed a troll
  6974 | D:8      | Killed a troll
  6974 | D:8      | Reached XP level 9. HP: 15/74 MP: 9/18
  7570 | D:8      | Found a staircase to the Lair.
  7900 | D:8      | Noticed a hornet
  7914 | D:8      | Killed a hornet
  8033 | D:8      | Found an opulent altar of Gozag.
  8130 | D:8      | Reached skill level 6 in Stealth
  8523 | D:9      | Reached * piety under Vehumet
  8523 | D:9      | Offered knowledge of Foxfire by Vehumet.
  8632 | D:9      | Reached skill level 7 in Stealth
  8884 | D:9      | Reached skill level 8 in Stealth
  9202 | D:9      | Reached XP level 10. HP: 85/85 MP: 20/20
  9318 | D:9      | Reached ** piety under Vehumet
  9360 | D:9      | Offered knowledge of Searing Ray by Vehumet.
  9392 | D:9      | Reached skill level 9 in Stealth
 10008 | D:7      | Reached skill level 5 in Conjurations
 10702 | D:7      | Offered knowledge of Ignite Poison by Vehumet.
 11030 | D:6      | Got a crude marble ring
 11031 | D:6      | Identified the ring "Hownosetuj" {*Contam rN+ Str+8} (You
                  | found it on level 6 of the Dungeon)
 11048 | D:6      | Reached *** piety under Vehumet
 11071 | D:6      | Got a faintly glowing marble ring
 11245 | D:6      | You fall into a shaft and drop 2 floors!
 11365 | D:6      | Reached skill level 10 in Stealth
 12094 | D:6      | Found an ancient bone altar of Kikubaaqudgha.
 12175 | D:10     | Entered Level 10 of the Dungeon
 12246 | D:10     | Found Joxureopp's General Store.
 12294 | D:10     | Offered knowledge of Dazzling Flash by Vehumet.
 12614 | D:10     | Noticed an unseen horror
 12630 | D:10     | Killed an unseen horror
 12630 | D:10     | Reached XP level 11. HP: 68/93 MP: 22/22
 12633 | D:10     | Noticed a manticore
 12651 | D:10     | Killed a manticore
 12661 | D:10     | Reached **** piety under Vehumet
 12792 | D:10     | Bought a scroll of identify for 28 gold pieces
 12792 | D:10     | Identified the ring of Gez Biet {Fire *Slow rPois Int+4}
                  | (You found it on level 6 of the Dungeon)
 12882 | D:10     | Noticed an unseen horror
 13442 | D:10     | Found a staircase to the Orcish Mines.
 13470 | D:10     | Killed an unseen horror
 13920 | Orc:1    | Entered Level 1 of the Orcish Mines
 13929 | Orc:1    | Identified a scroll of acquirement
 14000 | Orc:1    | Noticed an orc knight
 14027 | Orc:1    | Offered knowledge of Yara's Violent Unravelling by Vehumet.
 14037 | Orc:1    | HP: 4/93 [warg[an orc knight] (15)]
 14038 | Orc:1    | Slain by an orc knight

Illustrated notes

Levels and vault maps discovered:
D:1:      minmay_arrival_open_corners, layout_loops_ring, serial_bayou_lagoon_a,
          minmay_pentomino_z2
D:2:      layout_loops_ring, overflow_temple_1_default
D:3:      layout_basic, cheibrodos_ashenzari_chains
D:4:      kennysheep_spiral_hall, layout_loops_corners, uniq_grinder,
          uniq_crazy_yiuf_cottage
D:5:      cheibrodos_barr_body, layout_basic, nicolae_tso_swordbearing_angel,
          nicolae_overflow_hidden_temple, minmay_temple_entry_wispy
D:6:      layout_loops_cross, tgw_kikubaaqudgha
D:7:      layout_rooms
D:8:      layout_gridville, kennysheep_mini_moat, erik_lair_island
D:9:      layout_loops_cross
D:10:     layout_small_grid, erik_orc_4, serial_shops, shop
Temple:   kb_temple_of_zot
Orc:1:    layout_diamond_mine, serial_shops, shop, enter_volcano_2

Skill      XL: |  1  2  3  4  5  6  7  8  9 10 11 |
---------------+----------------------------------+-----
Spellcasting   | 4 5 6 7 8 |  8.4
Poison Magic   | 1 2 3 4 6 7 |  7.4
Conjurations   | 2 3 4 6 |  6.4
Fighting       | 1 2 3 4 |  4.9
Dodging        | 2 3 4 |  4.7
Stealth        | 4 5 8 10 | 10.6
Armour         | 1 2 3 4 |  4.4
Air Magic      | 1 2 3 4 |  4.3
Summonings     | |  1.0
Translocations | |  1.5
Fire Magic     | |  0.1
Evocations     | |  0.3

Action                   |  1- 3 |  4- 6 |  7- 9 | 10-12 || total
-------------------------+-------+-------+-------+-------++-------
Melee: Dagger            |    55 |    81 |   354 |   434 ||   924
 Cast: Magic Dart        |    77 |    73 |    83 |   113 ||   346
       Mephitic Cloud    |     2 |    11 |    37 |    47 ||    97
       Blink             |       |       |     3 |    10 ||    13
       Conjure Flame     |       |       |       |     6 ||     6
 Abil: Spit Poison       |    17 |    10 |    33 |    25 ||    85
Evoke: Wand              |       |       |     2 |    13 ||    15
  Use: Scroll            |       |       |       |    16 ||    16
 Stab: Confused          |       |     7 |    26 |    22 ||    55
       Sleeping          |       |       |       |     7 ||     7
Armor: Robe              |    13 |       |       |       ||    13
       Leather armour    |     1 |    11 |    64 |   140 ||   216
Dodge: Dodged            |    33 |    33 |   161 |   247 ||   474

Table legend: (Time is in decaauts)
 A = Elapsed time spent in this place.
 B = Non-inter-level travel time spent in this place.
 C = Inter-level travel time spent in this place.
 D = Time resting spent in this place.
 E = Time spent auto-exploring this place.
 F = Levels seen in this place.
 G = Mean time per level.
                   A        B        C        D        E       F      G
               +--------+--------+--------+--------+--------+-----+--------+
         Total |  16351 |  15874 |    477 |    621 |  12518 |  12 | 1362.6 |
       Dungeon |  16197 |  15728 |    469 |    621 |  12518 |  10 | 1619.7 |
        Temple |     16 |      8 |      8 |      0 |      0 |   1 |   16.0 |
  Orcish Mines |    137 |    137 |      0 |      0 |      0 |   1 |  137.0 |
               +--------+--------+--------+--------+--------+-----+--------+

Top non-repeatable levels by time:
     D:4: 2529 daAuts
    D:10: 1986 daAuts
     D:8: 1962 daAuts
     D:9: 1634 daAuts
     D:3: 1597 daAuts
     D:1: 1499 daAuts
     D:6: 1498 daAuts
     D:2: 1494 daAuts
     D:7: 1098 daAuts
     D:5: 895 daAuts
   Orc:1: 137 daAuts
  Temple: 16 daAuts
